 Dungeon Crawl Stone Soup version 0.18-a0-1243-g9e52518 (webtiles) character file.

7932 abixa the Carver (level 11, -2/87 HPs)
             Began as a Human Gladiator on Feb 5, 2016.
             Was an Elder of Okawaru.
             Killed from afar by a fire dragon (53 damage)
             ... with a blast of flame
             ... on level 9 of the Dungeon.
             The game lasted 00:49:21 (16943 turns).

abixa the Carver (Human Gladiator)                 Turns: 16943, Time: 00:49:21

Health: -2/87      AC: 18    Str: 17    XL:     11   Next: 46%
Magic:  11/11      EV: 14    Int:  8    God:    Okawaru [****..]
Gold:   782        SH:  0    Dex: 19    Spells: 0 memorised, 10 levels left

rFire  . . .     SeeInvis .     Y - +0 great sword
rCold  . . .     Gourm    .     O - +0 scale mail
rNeg   . . .     Faith    .     (shield currently unavailable)
rPois  .         Spirit   .     c - +0 helmet
rElec  .         Dismiss  .     h - +0 cloak
rCorr  .         Reflect  .     W - +0 pair of gloves {Dex+3}
SustAt .         Harm     .     (no boots)
MR     +....                    (no amulet)
Stlth  ..........               p - +6 ring of protection
                                I - ring of protection from magic

@: drained, somewhat resistant to hostile enchantments, extremely unstealthy
A: no striking features
a: Heroism, Renounce Religion


You were on level 9 of the Dungeon.
You worshipped Okawaru.
Okawaru was greatly pleased with you.
You were very hungry.

You visited 2 branches of the dungeon, and saw 11 of its levels.

You collected 782 gold pieces.

Inventory:

Hand Weapons
 u - a +2 dagger of venom
 N - a +0 blowgun
 Y - a +0 great sword (weapon)
Missiles
 d - 6 throwing nets
 g - 20 poisoned needles
 T - a tomahawk (quivered)
Armour
 c - a +0 helmet (worn)
 h - a +0 cloak (worn)
 O - a +0 scale mail (worn)
 W - a +0 pair of gloves of dexterity (worn)
Jewellery
 a - an uncursed ring of resist corrosion
 i - an uncursed ring of wizardry
 p - a +6 ring of protection (right hand)
 s - an uncursed ring of sustain attributes
 z - an uncursed ring of ice
 I - a ring of protection from magic (left hand)
Wands
 r - a wand of paralysis (10/24)
 v - a wand of teleportation (3/9)
 y - a wand of random effects (26/48)
 C - a wand of lightning (3/15)
 G - a wand of polymorph (2/24)
 U - a wand of iceblast (9/15)
Scrolls
 b - a scroll of amnesia {unknown}
 e - a scroll of fog {unknown}
 o - 5 scrolls of teleportation
 x - 4 scrolls of blinking
 L - 3 scrolls of enchant armour
 M - 8 scrolls of remove curse
 P - 2 scrolls of recharging
 R - a scroll of immolation {unknown}
 S - 3 scrolls of magic mapping
 X - a scroll of enchant weapon {unknown}
Potions
 k - 6 potions of curing
 l - a potion of heal wounds
 m - a potion of agility {unknown}
 n - 2 potions of lignification
 t - 2 potions of mutation {unknown}
 w - a potion of cancellation {unknown}
 A - 2 potions of haste {unknown}
 B - 3 potions of ambrosia
 D - 2 potions of brilliance {unknown}
 E - 2 potions of magic {unknown}
 F - 2 potions of poison {unknown}
 J - a potion of might {unknown}
 Z - a potion of flight {unknown}
Books
 q - a book of Ice

   Spells                             Type                      Level
   a - Ice Form                       Ice/Transmutation            4
   b - Metabolic Englaciation         Hexes/Ice                    5
   c - Ozocubu's Refrigeration        Ice                          6
   d - Bolt of Cold                   Conjuration/Ice              6
   e - Freezing Cloud                 Conjuration/Ice/Air          6
   f - Simulacrum                     Ice/Necromancy               6
 H - a book of the Sky

   Spells                             Type                      Level
   a - Summon Lightning Spire         Summoning/Air                4
   b - Airstrike                      Air                          4
   c - Silence                        Hexes/Air                    5
   d - Deflect Missiles               Charms/Air                   6
   e - Conjure Ball Lightning         Conjuration/Air              6
   f - Tornado                        Air                          9
 Q - a book of Air

   Spells                             Type                      Level
   a - Shock                          Conjuration/Air              1
   b - Swiftness                      Charms/Air                   2
   c - Repel Missiles                 Charms/Air                   2
   d - Static Discharge               Conjuration/Air              3
   e - Lightning Bolt                 Conjuration/Air              5
Miscellaneous
 K - a disc of storms
Comestibles
 V - 4 beef jerkies


   Skills:
 + Level 8.8(8.1) Fighting
 + Level 10.7(9.9) Long Blades
 - Level 2.0(1.3) Throwing
 + Level 8.4(7.7) Armour
 + Level 7.0(6.3) Dodging
 - Level 1.0(0.5) Invocations


You had 10 spell levels left.
You didn't know any spells.

Dungeon Overview and Level Annotations

Branches:
Dungeon (10/15)            Temple (1/1) D:4
   Lair: D:8-11         Orc: D:9-12

Altars:
Ashenzari
Cheibriados
Dithmenos
Elyvilon
Fedhas
Gozag
Kikubaaqudgha
Makhleb
Nemelex Xobeh
Okawaru
Pakellas
Qazlal
Ru
Sif Muna
Trog
Vehumet
Xom
Yredelemnul
Zin
The Shining One

Shops:
D:6 [[

Annotations:
D:6 Azzok's ghost, novice OpAs
D:8 food
D:9 clear
D:10 Scytalen's ghost, novice DECj


Message History

As you open the door, it creaks loudly!
There is an open door here.
You open the door.
There is an open door here.
There is an open door here.
You open the door.
Found a scroll of noise.
There is an open door here.
There is an open door here.
There is an open door here.
Evoke which item? (* to show all) (? for menu, Esc to quit)
Okay, then.
Unknown command.
The fire dragon breathes flames at you. The blast of flame hits you!
You see here a giant club.
The fire dragon breathes flames at you. The blast of flame hits you!
Ouch! That really hurt!
You die...

####..####'###### ##'###.....#
#..#.....#......# #....#.....#
#.....(..#......# #....#.....#
##..............# #....#.....#
...###(...#.....###########.....#
....#(....#.....#.....D.........#
.#..#..#..#######.##............#
.#######...######.##............#
.#..#..#........@.###8..8##..)..#
....#......D....#.##_....⌠#.....#
...###..........#.####..###.....#
##.....)###.....#..##....8#.....#
#..[.....#......#..###..###.....#
#..#.D#..#..#...####_...._#..<..#
####..#######......###..###.....#
#..#..#..#..#......#_.....#.....#
#........#.........###..###D....#


You could see a fire dragon.

Vanquished Creatures
  A centaur warrior (D:9)
  A gargoyle (D:9)
  An efreet (D:9)
  A troll (D:8)
  The ghost of Statics the Insei, an amateur OpTm (D:3)
  Sigmund (D:3)
  2 wyverns
  A human (D:9)
  A yak (D:9)
  A vampire mosquito (D:9)
  2 hippogriffs (D:9)
  Edmund (D:6)
  A water moccasin (D:8)
  3 orc warriors
  2 phantoms
  7 ogres
  2 centaurs
  A crocodile (D:9)
  4 big kobolds
  10 giant frogs
  3 scorpions
  12 wights
  10 killer bees
  7 crimson imps
  2 hounds
  2 jellies
  2 quasits
  3 giant frog zombies
  3 orc priests
  2 centaur skeletons
  2 giant frog skeletons (D:4)
  12 orc wizards
  Jessica (D:3)
  A gnoll shaman (D:6)
  An iguana (D:7)
  6 worker ants
  A hound zombie (D:6)
  A hound skeleton (D:8)
  Robin (D:2)
  16 adders
  6 gnolls (D:4)
  3 shadow imps
  A white imp (D:7)
  An ooze (D:8)
  An adder skeleton (D:8)
  3 worms
  6 giant geckos
  31 orcs
  8 giant cockroaches
  46 goblins
  39 hobgoblins
  4 jackals
  18 kobolds
  3 quokkas
  3 ball pythons
  13 bats
  4 giant newts
  A quokka skeleton (D:6)
  7 rats
330 creatures vanquished.

Notes
Turn   | Place    | Note
--------------------------------------------------------------
     0 | D:1      | abixa the Human Gladiator began the quest for the Orb.
     0 | D:1      | Reached XP level 1. HP: 16/16 MP: 1/1
   142 | D:1      | Reached XP level 2. HP: 20/22 MP: 2/2
   461 | D:2      | Reached skill level 4 in Long Blades
   461 | D:2      | Reached XP level 3. HP: 11/27 MP: 3/3
   742 | D:2      | Found a stormy altar of Qazlal.
   779 | D:2      | Found a sacrificial altar of Ru.
   789 | D:2      | Reached XP level 4. HP: 28/33 MP: 4/4
   897 | D:2      | Reached skill level 5 in Long Blades
   943 | D:2      | Noticed Robin
   981 | D:2      | Killed Robin
   987 | D:2      | Reached XP level 5. HP: 25/38 MP: 5/5
  1542 | D:3      | Noticed Sigmund
  1576 | D:3      | Noticed Statics's ghost (amateur OpTm)
  1813 | D:3      | Noticed Jessica
  1876 | D:3      | Killed Jessica
  1876 | D:3      | Reached skill level 6 in Long Blades
  1930 | D:3      | Reached XP level 6. HP: 34/44 MP: 6/6
  2393 | D:3      | Killed Sigmund
  2393 | D:3      | Reached skill level 7 in Long Blades
  2393 | D:3      | Reached XP level 7. HP: 48/50 MP: 7/7
  3054 | D:4      | Reached skill level 8 in Long Blades
  3503 | D:4      | Found a staircase to the Ecumenical Temple.
  3511 | Temple   | Entered the Ecumenical Temple
  4041 | D:5      | Entered Level 5 of the Dungeon
  4125 | D:5      | Reached skill level 1 in Armour
  4220 | D:5      | Reached XP level 8. HP: 39/57 MP: 8/8
  4416 | D:5      | Found an oddly glowing altar of Pakellas.
  4520 | D:5      | You fall through a shaft!
  4609 | D:6      | Noticed Azzok's ghost (novice OpAs)
  5131 | D:6      | Found Bugiomu's Antique Armour Boutique.
  5514 | D:6      | Found a snail-covered altar of Cheibriados.
  5534 | D:6      | Noticed Edmund
  5566 | D:6      | Killed Edmund
  5760 | D:6      | Found Hairuzur's Armour Shop.
  6135 | D:6      | Found a sparkling altar of Nemelex Xobeh.
  6467 | D:6      | Reached skill level 5 in Fighting
  6978 | D:6      | Found a burning altar of Makhleb.
  7178 | D:6      | Reached XP level 9. HP: 65/68 MP: 9/9
  7482 | D:4      | Reached skill level 5 in Armour
  8075 | D:3      | Killed Statics's ghost
  8879 | D:7      | Found a shadowy altar of Dithmenos.
  8879 | D:7      | Found an iron altar of Okawaru.
  8890 | D:7      | Became a worshipper of Warmaster Okawaru
  9338 | D:7      | Reached skill level 9 in Long Blades
  9840 | D:8      | Reached XP level 10. HP: 77/77 MP: 10/10
 10025 | D:8      | Found a blossoming altar of Fedhas.
 10182 | D:8      | Reached * piety under Okawaru
 10660 | D:8      | Found an iron altar of Okawaru.
 10671 | D:8      | Reached skill level 5 in Dodging
 10777 | D:8      | Reached skill level 1 in Invocations
 11393 | D:9      | Noticed a kobold demonologist
 11394 | D:9      | a kobold demonologist changed into a human
 11395 | D:9      | Noticed a smoke demon
 11791 | D:8      | Reached ** piety under Okawaru
 12132 | D:9      | Noticed an efreet
 12361 | D:9      | Reached skill level 10 in Long Blades
 12443 | D:9      | Found a radiant altar of Vehumet.
 12501 | D:9      | Found a shattered altar of Ashenzari.
 12508 | D:9      | Found a glowing silver altar of Zin.
 12508 | D:9      | Found an ancient bone altar of Kikubaaqudgha.
 12509 | D:9      | Found an oddly glowing altar of Pakellas.
 12510 | D:9      | Found a glowing golden altar of the Shining One.
 12562 | D:9      | Noticed a gargoyle
 13479 | D:9      | Noticed a centaur warrior
 13504 | D:9      | Killed a centaur warrior
 13504 | D:9      | Reached *** piety under Okawaru
 13504 | D:9      | Reached XP level 11. HP: 30/87 MP: 11/11
 13789 | D:9      | Noticed a fire dragon
 13980 | D:9      | Reached **** piety under Okawaru
 15486 | D:10     | Entered Level 10 of the Dungeon
 15486 | D:10     | Noticed Scytalen's ghost (novice DECj)
 16943 | D:9      | Killed from afar by a fire dragon

Vault maps used:
D:1:      lightli_iron_boxes, serial_bayou_pond_b
D:2:      nicolae_ru_great_annihilating_truth, lemuel_crystal_altar, uniq_robin
D:3:      uniq_jessica, uniq_sigmund
D:4:      minmay_goblin_kobold_castle, minmay_temple_entry_trees, first_bread,
          serial_forest, infiniplex_forest_diagonal, infiniplex_forest_zigzag_2,
          infiniplex_forest_clump_C, infiniplex_forest_clump_large,
          infiniplex_forest_pool, infiniplex_forest_zigzag_2,
          infiniplex_forest_lined_4_way, infiniplex_forest_split
D:5:      hangedman_abyss_or_decor_stabs, grunt_decor_fettered,
          johnstein_pakellas_death_squad
D:6:      lemuel_doored_altar, lemuel_coloured_pillars_altar,
          nicolae_overflow_hidden_temple, serial_shops, shop, kennysheep_mini,
          uniq_edmund
D:7:      grunt_temple_overflow_open, grunt_ogre_cave, minmay_fire_ice_demons
D:8:      marbit_many_paths, okawaru_gym_becter
D:9:      hangedman_cross_cluster, vehumet_crystals, minitemple,
          eino_tiny_chamber
D:10:     minmay_lair_entry_grove, minivault_10, nicolae_dithmenos_shadow_blocks
Temple:   hc_temple_tempest_star_small

Action                   |  1- 3 |  4- 6 |  7- 9 | 10-12 || total
-------------------------+-------+-------+-------+-------++-------
Melee: Long sword        |   119 |   202 |   293 |       ||   614
       Scimitar          |       |       |   395 |   274 ||   669
       Dagger            |       |       |       |    66 ||    66
       Great sword       |       |       |       |   200 ||   200
Throw: Stone             |       |    12 |    11 |     7 ||    30
       Tomahawk          |       |     3 |    12 |    12 ||    27
Evoke: Wand              |       |     1 |     6 |     5 ||    12
  Use: Scroll            |       |       |       |    12 ||    12
       Potion            |       |       |       |     1 ||     1
 Stab: Paralysed         |     2 |       |       |       ||     2
       Distracted        |       |       |     1 |       ||     1
  Eat: Chunk             |       |     5 |    20 |    18 ||    43
       Pizza             |       |       |     2 |     1 ||     3
       Fruit             |       |       |     1 |       ||     1
       Beef jerky        |       |       |       |     2 ||     2
